 Dungeon Crawl Stone Soup version 0.20.1-1-g8b1a95d (webtiles) character file.

111 RicketyTrickster the Cutter (level 5, -3/33 HPs)
             Began as a Kobold Berserker on July 3, 2017.
             Was a Believer of Trog.
             Killed by nerve-wracking pain
             ... invoked by Grinder
              (13 damage)
             ... on level 3 of the Dungeon.
             The game lasted 00:13:17 (2371 turns).

RicketyTrickster the Cutter (Kobold Berserker)      Turns: 2371, Time: 00:13:18

Health: -3/33      AC:  9    Str: 16    XL:     5   Next: 15%
Magic:  5/5        EV: 10    Int:  8    God:    Trog [**....]
Gold:   170        SH:  0    Dex: 14    Spells: 4/4 levels left

rFire    . . .     SeeInvis .   a - +0 short sword
rCold    . . .     Gourm    .   (shield restricted)
rNeg     . . .     Faith    .   s - +0 chain mail
rPois    .         Spirit   .   (no helmet)
rElec    .         Reflect  .   (no cloak)
rCorr    .         Harm     .   f - +0 pair of gloves
MR       .....                  (no boots)
Stlth    ..........             (no amulet)
Regen    0.2/turn               (no ring)
MPRegen  0.1/turn               (no ring)

@: berserk cooldown, slowed, very slow
A: carnivore 3
a: Berserk, Trog's Hand, Burn Spellbooks, Renounce Religion


You were on level 3 of the Dungeon.
You worshipped Trog.
Trog was pleased with you.
You were completely stuffed.

You visited 1 branch of the dungeon, and saw 3 of its levels.

You collected 170 gold pieces.

Inventory:

Hand Weapons
 a - a +0 short sword (weapon)
Armour
 f - a +0 pair of gloves (worn)
 s - a +0 chain mail (worn)
Scrolls
 d - 4 scrolls of teleportation {unknown}
 i - a scroll of amnesia {unknown}
 k - 2 scrolls of enchant armour {unknown}
 l - 3 scrolls of fear {unknown}
 m - a scroll of blinking {unknown}
 p - 5 scrolls of remove curse {unknown}
 q - a scroll of identify {unknown}
Potions
 e - a potion of heal wounds {unknown}
 h - a potion of cancellation {unknown}
 j - 3 potions of curing {unknown}
 n - a potion of magic {unknown}
 o - a potion of mutation {unknown}
Books
 r - a book of Cantrips

   Spells                             Type                      Level
   a - Confusing Touch                Hexes                        1
   b - Animate Skeleton               Necromancy                   1
   c - Summon Small Mammal            Summoning                    1
   d - Apportation                    Translocation                1
   Trog disapproves of the use of such an item.
Comestibles
 b - 2 chunks of flesh
 c - 2 meat rations
 g - 2 royal jellies
 t - a bread ration


   Skills:
 * Level 4.1 Fighting
 * Level 4.7 Short Blades
 * Level 2.3 Armour
 * Level 3.5 Dodging
 + Level 1.7 Stealth


You had 4 spell levels left.
You didn't know any spells.

Dungeon Overview and Level Annotations

Branches:
Dungeon (3/15)

Altars:

Annotations:
D:2 Sigmund
D:3 Grinder


Innate Abilities, Weirdness & Mutations

You are small and have problems with some larger weapons.
You are carnivorous and can eat meat at any time.


Message History

Grinder says, "Wait up."
Grinder hits you!
You writhe in agony.
Grinder says, "Mostly I couldn't keep them alive."
Grinder closely misses you.
A kobold comes into view. It is wielding a club.
There is an open door here.
You completely miss Grinder.
The kobold shouts!
Grinder misses you.
You're still recovering from your berserk rage.
You closely miss Grinder. Grinder barely misses you. Grinder hits you.
You writhe in agony.
Grinder says, "DUCK!"
Grinder closely misses you. Grinder closely misses you.
Grinder gestures at you. You resist with significant effort.
Grinder gestures at you. Pain shoots through your body!
You die...

##.....##
##.......## .
#.......<.####....
+.........'.......
#.........####...#
##.......## #
##...K5## ##..^##
##@## #.# #.#
##.## ######...##
..........#
#####....##
#.#)#######
#..........


You could see Grinder and a kobold.

Vanquished Creatures
  An adder (D:3)
  4 gnolls (D:3)
  2 dart slugs (D:2)
  A leopard gecko (D:1)
  5 orcs (D:3)
  A ball python (D:1)
  5 bats
  4 giant cockroaches
  4 goblins
  5 hobgoblins
  5 jackals
  4 kobolds
  4 frilled lizards
  8 rats
53 creatures vanquished.

Notes
Turn   | Place    | Note
-------+----------+-------------------------------------------
     0 | D:1      | RicketyTrickster the Kobold Berserker began the quest for the Orb.
     0 | D:1      | Reached XP level 1. HP: 14/14 MP: 1/1
   313 | D:1      | Reached XP level 2. HP: 5/19 MP: 2/2
   993 | D:1      | Reached XP level 3. HP: 23/23 MP: 3/3
  1258 | D:2      | Reached ** piety under Trog
  1380 | D:2      | Noticed Sigmund
  1586 | D:2      | Reached skill level 1 in Stealth
  1923 | D:3      | Reached XP level 4. HP: 29/29 MP: 4/4
  2330 | D:3      | Reached XP level 5. HP: 33/33 MP: 5/5
  2362 | D:3      | Noticed Grinder
  2371 | D:3      | Killed from afar by Grinder

Skill      XL: |  1  2  3  4 |
---------------+-------------+-----
Dodging        | 3 |  3.5
Armour         | 2 |  2.3
Stealth        | 1 |  1.7
Fighting       | 4 |  4.1
Short Blades   | |  4.7

Action                   |  1- 3 |  4- 6 || total
-------------------------+-------+-------++-------
Melee: Short sword       |   127 |    57 ||   184
Invok: Berserk           |     1 |     1 ||     2
  Use: Scroll            |     1 |       ||     1
 Stab: Sleeping          |     4 |       ||     4
  Eat: Chunk             |    12 |     3 ||    15
Armor: Animal skin       |    12 |       ||    12
       Robe              |     3 |       ||     3
       Chain mail        |       |    23 ||    23
Dodge: Dodged            |    78 |    38 ||   116
